 Dungeon Sprint DCSS version 0.21-a0-94-gdd6ab6a (webtiles) character file.

1688 poirepourri the Unseen (level 8, -21/40 HPs)
             Began as a Spriggan Enchanter on July 2, 2017.
             Was the Champion of Dithmenos.
             Killed from afar by a rakshasa (36 damage)
             ... with an orb of energy
             ... in the Dungeon (Sprint VII: "The Pits").
             The game lasted 00:03:03 (1238 turns).

poirepourri the Unseen (Spriggan Enchanter)         Turns: 1238, Time: 00:03:04

Health: -21/40     AC:  2    Str:  4    XL:     8   Next: 71%
Magic:  17/23      EV: 25    Int: 22    God:    Dithmenos [******]
Gold:   0          SH:  0    Dex: 19    Spells: 16/28 levels left

rFire    . . .     SeeInvis +   p - +2 dagger (venom)
rCold    . . .     Gourm    .   (shield restricted)
rNeg     . . .     Faith    .   b - +0 robe
rPois    .         Spirit   .   (helmet restricted)
rElec    .         Reflect  .   (no cloak)
rCorr    .         Harm     .   (gloves unavailable)
MR       +....     NoTele   +   (boots unavailable)
Stlth    ++++++++++             (no amulet)
HPRegen  0.13/turn              r - +3 ring of intelligence
MPRegen  0.18/turn              n - +3 ring of intelligence

@: wreathed by umbra, very quick
A: unfitting armour, see invisible, herbivore 3, speed 3, slow metabolism 2
a: Shadow Step, Shadow Form, Renounce Religion


You were in the Dungeon.
You worshipped Dithmenos.
Dithmenos was exalted by your worship.
You were not hungry.

You visited 1 branch

Inventory:

Hand Weapons
 a - a +1 dagger
 p - a +2 dagger of venom (weapon)
 q - a +0 dagger of electrocution
 u - a +2 rapier of distortion
Armour
 b - a +0 robe (worn)
Jewellery
 n - a +3 ring of intelligence (right hand)
 r - a +3 ring of intelligence (left hand)
Scrolls
 j - a scroll of blinking
 l - 3 scrolls of remove curse
 m - 5 scrolls of amnesia
Potions
 e - 10 potions of curing
 f - 10 potions of heal wounds
 g - a potion of haste
 h - 4 potions of magic
 i - 3 potions of berserk rage
 k - 2 potions of invisibility
 s - 2 potions of might
 t - a potion of brilliance
Books
 c - a book of Maledictions

   Spells                             Type                      Level
   a - Corona                         Hexes                        1
   b - Ensorcelled Hibernation        Hexes/Ice                    2
   c - Confuse                        Hexes                        3
   d - Tukima's Dance                 Hexes                        3
   e - Dazzling Spray                 Conjuration/Hexes            3
Comestibles
 d - 8 bread rations
 o - 40 fruits


   Skills:
 + Level 3.2 Fighting
 + Level 7.3 Short Blades
 + Level 8.7 Dodging
 + Level 17.0 Stealth
 + Level 10.5 Spellcasting
 + Level 11.5 Hexes


You had 16 spell levels left.
You knew the following spells:

 Your Spells              Type           Power        Failure   Level  Hunger
a - Corona                Hex            ######.      1%          1    None
b - Ensorcelled Hibernat  Hex/Ice        #####.       1%          2    None
c - Confuse               Hex            ######..     1%          3    None
d - Tukima's Dance        Hex            ######..     1%          3    None
e - Dazzling Spray        Conj/Hex       #####.       1%          3    None


Dungeon Overview and Level Annotations

Branches:
Dungeon (1/1)

Altars:
Ashenzari
Cheibriados
Dithmenos
Elyvilon
Fedhas
Gozag
Hepliaklqana
Kikubaaqudgha
Makhleb
Nemelex Xobeh
Okawaru
Qazlal
Ru
Sif Muna
Trog
Uskayaw
Vehumet
Wu Jian
Xom
Yredelemnul
Zin
The Shining One
Beogh
Jiyva
Lugonu


Innate Abilities, Weirdness & Mutations

You are very small and have problems with some larger weapons.
You are too small for most types of armour.
You have supernaturally acute eyesight. (SInv)
You are a herbivore.
You cover ground extremely quickly.
You need consume almost no food.


Message History

Confirm with . or Enter, or press ? or * to list all spells.
Aiming: Confuse
Press: ? - help, Shift-Dir - straight line, f - rakshasa
Aim: a rakshasa, wielding a long sword and wearing a robe (black smoke, umbra, chance to defeat MR: 0%)
The rakshasa resists with almost no effort.
The orc shouts!
The orc priest shouts!
The orc wizard shouts!
The orc misses you.
The rakshasa hits you with a long sword!
You emit a cloud of dark smoke.
Casting: Confuse
Confirm with . or Enter, or press ? or * to list all spells.
Aiming: Confuse
Press: ? - help, Shift-Dir - straight line, f/p - rakshasa
Aim: a rakshasa, wielding a long sword and wearing a robe (black smoke, umbra, chance to defeat MR: 0%)
The rakshasa resists with almost no effort.
The orc misses you. The rakshasa gestures at you. The orb of energy hits you!
Ouch! That really hurt!
You die...

))'.##......#..#......#
###.##................+
.....'................+
'#####......#..#).....#
)#..##................#
.#))#####'#####''######
.#))##.......##('#######
##))##.......##.........
.#[[##.......##§@.......
.#'###...<...##§§#####..
....##.......##§§RooJ#
....##.......##§§#oo.#
######.......##§§#§§.#
.#..###########..#####
.#.############...
.#÷#()(.#..[[##...
.#'#..).#..[[###+##


You could see a rakshasa.

Vanquished Creatures
  A cyclops (D)
  A kobold demonologist (D)
  A troll (D)
  A floating eye (D)
  A porcupine (D)
  6 big kobolds (D)
  A bullfrog (D)
  A hound (D)
  Crazy Yiuf (D)
  A hell rat (D)
  A gnoll (D)
  A river rat (D)
  An ufetubus (D)
  A ball python (D)
  A giant cockroach (D)
  2 goblins (D)
  A hobgoblin (D)
  5 jackals (D)
  A bat (D)
  A frilled lizard (D)
  A giant cockroach zombie (D)
  A kobold (D)
32 creatures vanquished.

Vanquished Creatures (collateral kills)
  A sky beast (D)
  Blork the orc (D)
  A jelly (D)
  An ufetubus (D)
4 creatures vanquished.

Grand Total: 36 creatures vanquished

Notes
Turn   | Place    | Note
-------+----------+-------------------------------------------
     0 | D        | poirepourri the Spriggan Enchanter began the quest for the Orb.
     0 | D        | Reached XP level 1. HP: 9/9 MP: 5/5
    56 | D        | Found a bloodstained altar of Trog.
    56 | D        | Found a deep blue altar of Sif Muna.
    56 | D        | Found a viscous altar of Jiyva.
    56 | D        | Found a hazy altar of Hepliaklqana.
    56 | D        | Found an opulent altar of Gozag.
    57 | D        | Found a glowing golden altar of the Shining One.
    57 | D        | Found a glowing silver altar of Zin.
    57 | D        | Found a basalt altar of Yredelemnul.
    57 | D        | Found a shimmering altar of Xom.
    57 | D        | Found an ornate altar of the Wu Jian Council.
    57 | D        | Found a sacrificial altar of Ru.
    57 | D        | Found a stormy altar of Qazlal.
    57 | D        | Found an iron altar of Okawaru.
    57 | D        | Found a sparkling altar of Nemelex Xobeh.
    57 | D        | Found a burning altar of Makhleb.
    57 | D        | Found a blossoming altar of Fedhas.
    57 | D        | Found a white marble altar of Elyvilon.
    57 | D        | Found a shadowy altar of Dithmenos.
    57 | D        | Found a snail-covered altar of Cheibriados.
    61 | D        | Found a roughly hewn altar of Beogh.
    61 | D        | Found a corrupted altar of Lugonu.
    61 | D        | Found a radiant altar of Vehumet.
    62 | D        | Found a shattered altar of Ashenzari.
    62 | D        | Found an ancient bone altar of Kikubaaqudgha.
    62 | D        | Found a hide-covered altar of Uskayaw.
    67 | D        | Became a worshipper of Dithmenos the Shadowed
    82 | D        | Noticed a floating eye
    85 | D        | Paralysed by a floating eye for 4 turns
    91 | D        | Killed a floating eye
    91 | D        | Reached skill level 1 in Fighting
    91 | D        | Reached skill level 5 in Dodging
    91 | D        | Reached skill level 8 in Stealth
    91 | D        | Reached XP level 2. HP: 14/14 MP: 5/8
    91 | D        | Reached XP level 3. HP: 18/18 MP: 6/10
    91 | D        | Reached XP level 4. HP: 22/22 MP: 6/11
   103 | D        | Learned a level 2 spell: Ensorcelled Hibernation
   107 | D        | Learned a level 3 spell: Confuse
   111 | D        | Learned a level 3 spell: Tukima's Dance
   115 | D        | Learned a level 3 spell: Dazzling Spray
   136 | D        | Reached * piety under Dithmenos
   147 | D        | Reached ** piety under Dithmenos
   171 | D        | Reached *** piety under Dithmenos
   424 | D        | Noticed a bullfrog
   424 | D        | Noticed a sky beast
   426 | D        | Noticed Blork the orc
   431 | D        | Killed a bullfrog
   431 | D        | Reached skill level 9 in Stealth
   431 | D        | Reached skill level 5 in Spellcasting
   431 | D        | Reached XP level 5. HP: 16/25 MP: 5/14
   442 | D        | Reached skill level 10 in Stealth
   483 | D        | Reached **** piety under Dithmenos
   512 | D        | Killed Blork the orc
   512 | D        | Reached XP level 6. HP: 15/30 MP: 1/16
   514 | D        | Killed a sky beast
   514 | D        | Reached skill level 11 in Stealth
   703 | D        | Reached ***** piety under Dithmenos
   710 | D        | Noticed a porcupine
   716 | D        | Killed a porcupine
   716 | D        | Reached skill level 5 in Short Blades
   716 | D        | Reached skill level 12 in Stealth
   726 | D        | Noticed a troll
   726 | D        | Noticed a kobold demonologist
   727 | D        | Noticed Crazy Yiuf
   730 | D        | Reached skill level 10 in Hexes
   732 | D        | Reached XP level 7. HP: 35/35 MP: 19/19
   733 | D        | Reached skill level 13 in Stealth
   735 | D        | Killed a troll
   735 | D        | Reached skill level 14 in Stealth
   743 | D        | Noticed a chaos spawn
   744 | D        | Noticed a ynoxinul
   745 | D        | Killed Crazy Yiuf
   745 | D        | Reached ****** piety under Dithmenos
   785 | D        | Killed a kobold demonologist
   785 | D        | Reached skill level 15 in Stealth
   785 | D        | Reached XP level 8. HP: 26/40 MP: 11/22
   961 | D        | Reached skill level 16 in Stealth
  1095 | D        | Noticed a cyclops
  1115 | D        | Killed a cyclops
  1115 | D        | Reached skill level 17 in Stealth
  1115 | D        | Reached skill level 10 in Spellcasting
  1233 | D        | Noticed a rakshasa
  1238 | D        | Killed from afar by a rakshasa

Vault maps used:
D:        pitsprint

Skill      XL: |  1  2  3  4  5  6  7  8 |
---------------+-------------------------+-----
Fighting       | 1 2 3 |  3.2
Short Blades   | 2 4 6 7 |  7.3
Dodging        | 5 6 7 8 |  8.7
Stealth        | 8 9 10 12 15 17 | 17.0
Spellcasting   | 4 5 6 7 9 10 | 10.5
Hexes          | 7 8 9 10 11 | 11.5

Action                   |  1- 3 |  4- 6 |  7- 9 || total
-------------------------+-------+-------+-------++-------
Melee: Dagger            |    16 |    46 |    35 ||    97
 Cast: Ensorcelled Hiber |       |    14 |     8 ||    22
       Confuse           |       |       |     5 ||     5
  Use: Scroll            |       |     1 |       ||     1
       Potion            |       |     1 |       ||     1
 Stab: Sleeping          |       |    11 |     5 ||    16
       Confused          |       |       |     3 ||     3
Armor: Robe              |     2 |       |       ||     2
Dodge: Dodged            |     8 |    51 |    28 ||    87
